 Dungeon Crawl Stone Soup version 0.28.0 (webtiles) character file.

Game seed: 7053420404074648848

127 Sanktem7 the Covered (level 4, -3/41 HPs)
             Began as a Minotaur Fighter on Feb 17, 2022.
             Killed by divine providence
             ... invoked by an orc priest
              (10 damage)
             ... on level 3 of the Dungeon.
             The game lasted 00:01:50 (1843 turns).

Sanktem7 the Covered (Minotaur Fighter)             Turns: 1843, Time: 00:01:52

Health: -3/41      AC:  8    Str: 23    XL:     4   Next: 85%
Magic:  3/3        EV:  9    Int:  5    God:
Gold:   57         SH:  4    Dex:  9    Spells: 3/3 levels left

rFire   . . .      SeeInvis .   a - +0 war axe
rCold   . . .      Faith    .   c - +0 buckler
rNeg    . . .      Spirit   .   b - +0 scale mail
rPois   .          Reflect  .   (helmet restricted)
rElec   .          Harm     .   (no cloak)
rCorr   .          Rampage  .   h - +0 pair of gloves
Will    .....                   (no boots)
Stlth   ..........              (no amulet)
HPRegen 0.13/turn               (no ring)
MPRegen 0.08/turn               (no ring)

@: no status effects
A: horns 2, retaliatory headbutt
a: no special abilities


You were on level 3 of the Dungeon.
You visited 1 branch of the dungeon, and saw 3 of its levels.

You collected 57 gold pieces.

Inventory:

Hand Weapons
 a - a +0 war axe (weapon)
Armour
 b - a +0 scale mail (worn)
 c - a +0 buckler (worn)
 h - a +0 pair of gloves (worn)
Scrolls
 f - a scroll of vulnerability {unknown}
 i - 3 scrolls of teleportation {unknown}
 j - a scroll of amnesia {unknown}
 m - a scroll of enchant weapon {unknown}
Potions
 d - 2 potions of might
 e - a potion of degeneration {unknown}
 g - a potion of flight {unknown}
 k - 2 potions of heal wounds {unknown}
 l - a potion of curing {unknown}
 n - a potion of mutation {unknown}


   Skills:
 * Level 4.4 Fighting
 * Level 4.3 Axes
 * Level 5.0 Armour
 + Level 0.1 Dodging
 - Level 3.6 Shields


You had 3 spell levels left.
You didn't know any spells.
Your spell library contained the following spells:

 Spells                   Type           Power      Damage    Failure   Level
 Apportation              Tloc           0%         N/A       86%         1
 Alistair's Intoxication  Tmut/Pois      0%         N/A       100%        5


Dungeon Overview and Level Annotations

Branches:
Dungeon (3/15)

Altars:


Innate Abilities, Weirdness & Mutations

You have a pair of horns on your head.
You reflexively headbutt those who attack you in melee.


Message History

The orc hits you but does no damage. The orc barely misses you.
You bump into the rock wall.
The orc priest calls upon Beogh to heal the orc.
The orc's wounds heal themselves!
Something hits you but does no damage. The orc barely misses you. x2
You closely miss the orc. You headbutt the orc!
You kill the orc!
You barely miss the orc. You barely miss something.
The orc priest mumbles some strange prayers to Beogh against you.
Beogh smites you! Something hits you. The orc completely misses you.
Something hits you.
You closely miss something. Your headbutt misses something.
You closely miss the orc. You miss the adder.
You feel less confused. The adder closely misses you. You furiously retaliate!
You headbutt the adder!
You kill the adder!
The orc hits you with a +0 war axe.
* * * LOW HITPOINT WARNING * * *
You hear some strange, mumbled words.
A puff of flame appears from out of thin air!
The puff of flame hits you.
* * * LOW HITPOINT WARNING * * *
The orc hits you but does no damage.
Your Axes skill increases to level 4!
You slash something!
Reactivating autopickup.
You feel a bit more experienced.
You hit the orc priest. You closely miss the orc.
The orc priest hits you but does no damage.
The orc hits you with a +0 war axe.
* * * LOW HITPOINT WARNING * * *
Your Armour skill increases to level 5!
You hit the orc priest but do no damage.
The orc priest is lightly wounded.
You barely miss the orc. The orc priest closely misses you.
You furiously retaliate!
You headbutt the orc priest. The orc closely misses you.
The orc priest mumbles some strange prayers to Beogh against you.
Beogh smites you!
You die...

#.......<.......
.#####.##..####
#.....# #.###.#
#.#####.#
........#
#.#####)# ##
#)##...##
#@o.....#
##o......
....... .......
##...## ...#
..... ....


You could see an orc priest and an orc.

Vanquished Creatures
  Terence (D:2)
  An orc wizard (D:3)
  4 adders
  A gnoll (D:1)
  2 dart slugs
  2 orcs (D:3)
  A ball python (D:1)
  3 endoplasms (D:1)
  3 goblins
  2 hobgoblins (D:2)
  A quokka (D:1)
  3 bats
  A frilled lizard (D:2)
  A kobold (D:1)
  4 rats
30 creatures vanquished.

Notes
Turn   | Place    | Note
-------+----------+-------------------------------------------
     0 | D:1      | Sanktem7 the Minotaur Fighter began the quest for the Orb.
     0 | D:1      | Reached XP level 1. HP: 19/19 MP: 0/0
   283 | D:1      | Reached XP level 2. HP: 27/27 MP: 1/1
   409 | D:1      | Reached skill level 4 in Armour
   969 | D:2      | Reached XP level 3. HP: 33/33 MP: 2/2
  1284 | D:2      | Noticed Terence
  1297 | D:2      | Killed Terence
  1298 | D:2      | Reached XP level 4. HP: 19/41 MP: 3/3
  1843 | D:3      | Reached skill level 5 in Armour
  1843 | D:3      | Killed from afar by an orc priest

Illustrated notes

Levels and vault maps discovered:
D:1:      nzn_arrival_settlement, layout_loops_ring, minmay_distorted
D:2:      layout_basic, minmay_misc_feat_five, kennysheep_generic_room_16,
          uniq_terence
D:3:      layout_loops_ring, mainiacjoe_overflow_catwalk, uniq_robin

Skill      XL: |  1  2  3  4 |
---------------+-------------+-----
Fighting       | 4 |  4.4
Armour         | 4 5 |  5.0
Axes           | 3 4 |  4.3
Dodging        | |  0.1
Shields        | |  3.6

Action                   |  1- 3 |  4- 6 || total
-------------------------+-------+-------++-------
Melee: War axe           |    65 |    15 ||    80
       Headbutt          |     4 |     2 ||     6
Armor: Scale mail        |    25 |    14 ||    39
Dodge: Dodged            |    33 |    16 ||    49
Block: Buckler           |    12 |     3 ||    15
